 Dungeon Crawl Stone Soup version 0.27-a0-96-gb51a1d6fd6 (webtiles) character file.

Game seed: 2533976160903633757

69 kae the Insei (level 4, 0/35 HPs)
             Began as a Demonspawn Monk on Jan 19, 2021.
             Slain by Sigmund
             ... wielding a +0 scythe
              (10 damage)
             ... on level 2 of the Dungeon.
             The game lasted 00:01:25 (1679 turns).

kae the Insei (Demonspawn Monk)                     Turns: 1679, Time: 00:01:25

Health: 0/35       AC:  4    Str: 13    XL:     4   Next: 2%
Magic:  4/4        EV: 13    Int: 11    God:
Gold:   119        SH:  0    Dex: 15    Spells: 3/3 levels left

rFire    . . .     SeeInvis .     - Unarmed
rCold    + . .     Faith    .   (no shield)
rNeg     . . .     Spirit   .   a - +0 robe
rPois    .         Reflect  .   (no helmet)
rElec    .         Harm     .   (no cloak)
rCorr    .         Rampage  .   (no gloves)
Will     .....                  (no boots)
Stlth    ++........             c - amulet of regeneration
HPRegen  0.51/turn              (no ring)
MPRegen  0.09/turn              (no ring)

@: no status effects
A: iridescent scales 1, cold resistance 1
a: no special abilities


You were on level 2 of the Dungeon.
You visited 1 branch of the dungeon, and saw 2 of its levels.

You collected 119 gold pieces.

Inventory:

Armour
 a - a +0 robe (worn)
Jewellery
 c - an amulet of regeneration (around neck)
 f - an uncursed amulet of the acrobat
Scrolls
 d - a scroll of enchant armour
 e - 2 scrolls of enchant weapon
 g - 4 scrolls of identify


   Skills:
 + Level 3.5 Fighting
 + Level 3.1 Dodging
 - Level 1.7 Stealth
 * Level 3.7 Unarmed Combat


You had 3 spell levels left.
You didn't know any spells.
Your spell library was empty.

Dungeon Overview and Level Annotations

Branches:
Dungeon (2/15)

Altars:
Yredelemnul

Annotations:
D:2 Natasha, Sigmund


Innate Abilities, Weirdness & Mutations

You are partially covered in iridescent scales. (AC +2)
Your flesh is cold resistant. (rC+)


Message History

Sigmund gestures at himself while chanting.
Sigmund flickers and vanishes!
Deactivating autopickup; reactivate with Ctrl-A.
There is an open door here.
You close the door.
Something unseen opens the door.
You are confused.
You see here a jackal corpse.
You bump into the rock wall.
A magic dart appears from out of thin air!
The magic dart hits you.
* * * LOW HITPOINT WARNING * * *
Things that are here:
a jackal corpse; a jackal corpse You bump into the rock wall.
You bump into the rock wall.
You bump into the rock wall.
You feel less confused. Something hits you!
You die...

#....##...# ###########.##
#.....#...##.# #...#
#.....#...##.# #...# ...
#.........##.# +...' ..
#....#....##.# #...#
.####.####....##.# #...# ....#.#
##...##.# ##.## ....#.# #..###.#
########..## ....#.######.# #@#
#........... ............># #.#
#...........
......##....####†#####...........
)...†.##....'...†................
......##....####.#####...........
............# #.# ############
####.###....# #.# ...# ###### #.#
##### #.#


There were no monsters in sight!

Vanquished Creatures
  An adder (D:2)
  2 oozes
  A leopard gecko (D:2)
  A ball python (D:1)
  2 bats (D:2)
  2 giant cockroaches (D:2)
  4 goblins
  4 hobgoblins
  16 jackals
  2 kobolds
  A giant cockroach zombie (D:2)
  7 rats
43 creatures vanquished.

Vanquished Creatures (others)
  An adder (D:2)
  A quokka (D:2)
2 creatures vanquished.

Grand Total: 45 creatures vanquished

Notes
Turn   | Place    | Note
-------+----------+-------------------------------------------
     0 | D:1      | kae the Demonspawn Monk began the quest for the Orb.
     0 | D:1      | Reached XP level 1. HP: 18/18 MP: 1/1
   195 | D:1      | Gained mutation: Your flesh is cold resistant. (rC+)
                  | [demonic ancestry]
   195 | D:1      | Reached XP level 2. HP: 19/24 MP: 2/2
   963 | D:1      | Reached XP level 3. HP: 29/29 MP: 3/3
  1290 | D:2      | Noticed Sigmund
  1537 | D:2      | Found a basalt altar of Yredelemnul.
  1539 | D:2      | Noticed a profane servitor
  1588 | D:2      | Noticed Natasha
  1624 | D:2      | Gained mutation: You are partially covered in iridescent
                  | scales. (AC +2) [demonic ancestry]
  1624 | D:2      | Reached XP level 4. HP: 33/35 MP: 4/4
  1679 | D:2      | Slain by Sigmund

Illustrated notes

Levels and vault maps discovered:
D:1:      minmay_arrival_hallway, layout_loops_ring
D:2:      layout_basic, grunt_temple_overflow_holy_war,
          amethyst_overflow_temple_binary, minmay_misc_feat_four_crosses,
          uniq_sigmund, uniq_natasha

Skill      XL: |  1  2 |
---------------+-------+-----
Unarmed Combat | 3 |  3.7
Dodging        | 3 |  3.1
Fighting       | |  3.5
Stealth        | |  1.7

Action                   |  1- 3 |  4- 6 || total
-------------------------+-------+-------++-------
Melee: Unarmed           |   178 |     8 ||   186
  Use: Scroll            |     4 |       ||     4
       Potion            |       |     1 ||     1
 Stab: Sleeping          |     5 |       ||     5
Armor: Robe              |    44 |     2 ||    46
Dodge: Dodged            |   170 |     2 ||   172

Table legend: (Time is in decaauts)
 A = Elapsed time spent in this place.
 B = Non-inter-level travel time spent in this place.
 C = Inter-level travel time spent in this place.
 D = Time resting spent in this place.
 E = Time spent auto-exploring this place.
 F = Levels seen in this place.
 G = Mean time per level.
                   A        B        C        D        E       F      G
               +--------+--------+--------+--------+--------+-----+--------+
         Total |   1669 |   1634 |     35 |    354 |    836 |   2 |  834.5 |
       Dungeon |   1669 |   1634 |     35 |    354 |    836 |   2 |  834.5 |
               +--------+--------+--------+--------+--------+-----+--------+

Top non-repeatable levels by time:
     D:1: 1092 daAuts
     D:2: 577 daAuts
